 Dungeon Crawl Stone Soup version 0.25-a0-729-g14964f1db5 (webtiles) character file.

Game seed: 346413792075663053, levelgen mode: deterministic

1106 Conn the Magician (level 8, -19/50 HPs)
             Began as an Octopode Wizard on Apr 7, 2020.
             Was a Priest of Sif Muna.
             Demolished by an ice beast (21 damage)
             ... on level 4 of the Dungeon.
             The game lasted 00:28:57 (6024 turns).

Conn the Magician (Octopode Wizard)                 Turns: 6024, Time: 00:29:01

Health: -19/50     AC:  2    Str:  9    XL:     8   Next: 33%
Magic:  0/16       EV: 14    Int: 22    God:    Sif Muna [***...]
Gold:   253        SH:  0    Dex: 10    Spells: 7/18 levels left

rFire    + . .     SeeInvis .   f - +4 dagger (flame)
rCold    x . .     Gourm    .   (no shield)
rNeg     . . .     Faith    +   a - +1 hat
rPois    .         Spirit   .   e - amulet of faith
rElec    .         Reflect  .   l - ring of flight
rCorr    .         Harm     .   m - +2 ring of intelligence
MR       .....                  d - ring of fire
Stlth    ++++......             (no ring)
HPRegen  0.16/turn              (no ring)
MPRegen  0.15/turn              (no ring)
                                (no ring)
                                (no ring)

@: very slightly contaminated
A: almost no armour, stealthy swim, amphibious, 8 rings, constrict 8, camouflage
1, gelatinous body 1
a: Channel Magic, Forget Spell, Renounce Religion, Evoke Flight


You were on level 4 of the Dungeon.
You worshipped Sif Muna.
Sif Muna was most pleased with you.
You were hungry.

You visited 2 branches of the dungeon, and saw 6 of its levels.

You collected 253 gold pieces.

Inventory:

Hand Weapons
 b - a +0 short sword
 f - a +4 dagger of flaming (weapon)
Missiles
 j - 11 sling bullets
 k - 3 boomerangs of dispersal (quivered)
Armour
 a - a +1 hat (worn)
Jewellery
 d - a ring of fire (on tentacle)
 e - an amulet of faith (around mantle)
 l - a ring of flight (left tentacle)
 m - a +2 ring of intelligence (right tentacle)
Scrolls
 g - 10 scrolls of identify
 p - a scroll of magic mapping
Potions
 h - a potion of berserk rage
 i - 2 potions of curing
 n - a potion of lignification {unknown}
 o - 2 potions of stabbing {unknown}
 r - a potion of might
Comestibles
 c - 2 rations
 q - a chunk of flesh


   Skills:
 * Level 2.3 Fighting
 + Level 3.2 Short Blades
 + Level 3.2 Dodging
 + Level 5.3 Stealth
 * Level 5.6 Spellcasting
 * Level 4.0 Conjurations
 + Level 1.7 Summonings
 + Level 1.0 Translocations
 + Level 0.9 Air Magic
 + Level 1.3 Poison Magic
 * Level 1.6 Invocations


You had 7 spell levels left.
You knew the following spells:

 Your Spells              Type           Power        Failure   Level  Hunger
a - Magic Dart            Conj           ###.         1%          1    None
b - Blink                 Tloc           N/A          10%         2    None
c - Call Imp              Summ           ##......     7%          2    None
d - Conjure Flame         Conj/Fire      ###.....     12%         3    ##.....
e - Mephitic Cloud        Conj/Pois/Air  ###.....     12%         3    ##.....

Your spell library contained the following spells:

 Spells                   Type           Power        Failure   Level  Hunger
 Slow                     Hex            #.......     14%         2    None


Dungeon Overview and Level Annotations

Branches:
Dungeon (5/15)             Temple (1/1) D:4

Altars:
Ashenzari
Cheibriados
Dithmenos
Elyvilon
Fedhas
Gozag
Hepliaklqana
Kikubaaqudgha
Makhleb
Nemelex Xobeh
Okawaru
Qazlal
Ru
Sif Muna
Trog
Uskayaw
Vehumet
Wu Jian
Xom
Yredelemnul
Zin
The Shining One


Innate Abilities, Weirdness & Mutations

You cannot wear most types of armour.
You are very stealthy in the water. (Stealth+)
You are amphibious.
You can wear up to eight rings at the same time.
You can use your tentacles to constrict eight enemies at once.
Your skin changes colour to match your surroundings (Stealth+).
Your rubbery body absorbs attacks. (AC +1, EV +1)


Message History

Okay, then.
Unknown command.
Unknown command.
Okay, then.
Okay, then.
Unknown command.
Unknown command.
Unknown command.
Okay, then.
Unknown command.
Unknown command.
Unknown command.
Casting: Mephitic Cloud (safe; 12% risk of failure)
Confirm with . or Enter, or press ? or * to list all spells.
You miscast Blink.
You are very lightly contaminated with residual magic.
You spin around.
The ice beast hits you.
* * * LOW HITPOINT WARNING * * *
The ice beast freezes you!!
You feel a terrible chill!
You die...

##.# ##.##...###....### #.# #.#
#.###..#........#.## #.####..
#.#...##..>.(##...# #...<>..
#...#.......)#..#.# ######.#
#.....###...##.##.# #.#
#.###..)###.#.....# #.. #.#
###...#.#.#.#.# ### #.#
###.....#.#.# # #.#
#..#.##@#.#### # #.###
#.....÷Y.....####### # #...#
#..................#####
#...#######.[.#.#.....#..#......
#.....>.......#............#..##
##...#######..##.......######..#
.......)......P.....#.## #..#
≈≈≈≈≈≈≈≈≈≈≈≈≈≈≈≈....#.# #..#
≈≈≈≈≈≈≈≈≈≈≈≈≈≈≈≈....#.# #..#


You could see an ice beast.

Vanquished Creatures
  An ogre (D:4)
  A howler monkey (D:5)
  8 gnoll shamans (D:4)
  4 orc wizards
  An iguana (D:5)
  2 worker ants
  A hound zombie (D:5)
  30 gnolls
  4 adders
  An ooze (D:1)
  6 worms
  4 dart slugs
  5 leopard geckos
  18 orcs
  4 giant cockroaches
  10 goblins
  10 hobgoblins
  18 jackals
  14 kobolds
  2 quokkas (D:2)
  2 ball pythons (D:1)
  6 bats
  8 frilled lizards
  8 rats
168 creatures vanquished.

Vanquished Creatures (collateral kills)
  2 orc priests
  An orc wizard (D:3)
  An adder (D:3)
  An orc (D:3)
  A goblin (D:3)
  A rat (D:3)
7 creatures vanquished.

Grand Total: 175 creatures vanquished

Notes
Turn   | Place    | Note
-------+----------+-------------------------------------------
     0 | D:1      | Conn the Octopode Wizard began the quest for the Orb.
     0 | D:1      | Reached XP level 1. HP: 11/11 MP: 4/4
   120 | D:1      | Reached XP level 2. HP: 16/17 MP: 0/6
   124 | D:1      | Learned a level 2 spell: Blink
   127 | D:1      | Learned a level 2 spell: Call Imp
   434 | D:1      | Reached XP level 3. HP: 21/21 MP: 8/8
   819 | D:1      | Learned a level 3 spell: Conjure Flame
  1025 | D:2      | Reached XP level 4. HP: 27/27 MP: 9/9
  1429 | D:2      | Reached skill level 1 in Short Blades
  1715 | D:2      | Reached XP level 5. HP: 17/31 MP: 5/10
  1895 | D:4      | Found a staircase to the Ecumenical Temple.
  1930 | Temple   | Entered the Ecumenical Temple
  2032 | Temple   | Became a worshipper of Sif Muna the Loreminder
  2728 | D:3      | Reached XP level 6. HP: 32/36 MP: 7/12
  2743 | D:3      | Reached * piety under Sif Muna
  2797 | D:3      | Learned a level 3 spell: Mephitic Cloud
  3482 | D:4      | Found a sparkling altar of Nemelex Xobeh.
  4033 | D:3      | Reached ** piety under Sif Muna
  4441 | D:2      | Reached skill level 1 in Fighting
  4441 | D:2      | Reached XP level 7. HP: 43/43 MP: 14/14
  4719 | D:4      | Reached skill level 5 in Stealth
  5068 | D:4      | Reached skill level 5 in Spellcasting
  5263 | D:4      | Reached *** piety under Sif Muna
  5396 | D:4      | Reached skill level 1 in Poison Magic
  5424 | D:4      | Reached XP level 8. HP: 50/50 MP: 5/15
  5601 | D:4      | Reached skill level 1 in Invocations
  5883 | D:5      | Entered Level 5 of the Dungeon
  6024 | D:4      | HP: 2/50 [ice beast (1)]
  6024 | D:4      | Demolished by an ice beast

Levels and vault maps discovered:
D:1:      minmay_arrival_shattered_statue, layout_rooms
D:2:      minmay_evil_eye, layout_loops_ring
D:3:      wad_crossroads, layout_basic
D:4:      lemuel_castle_with_subvaults [lemuel_castle_interior_carwin_3],
          layout_loops_ring, nemelex_xobeh_ov_fountains_minmay,
          minmay_temple_entry_slanted, first_ration
D:5:      layout_rooms
Temple:   kilobyte_greek_temple

Skill      XL: |  1  2  3  4  5  6  7  8 |
---------------+-------------------------+-----
Stealth        | 3 4 5 |  5.3
Short Blades   | 1 2 3 |  3.2
Conjurations   | 2 3 4 |  4.0
Spellcasting   | 4 5 |  5.6
Fighting       | 1 2 |  2.3
Dodging        | 3 |  3.2
Poison Magic   | 1 |  1.3
Invocations    | 1 |  1.6
Summonings     | |  1.7
Translocations | |  1.0
Air Magic      | |  0.9

Action                   |  1- 3 |  4- 6 |  7- 9 || total
-------------------------+-------+-------+-------++-------
Melee: Short sword       |     9 |       |       ||     9
       Constrict         |    13 |    37 |    23 ||    73
       Tentacles         |     7 |    20 |    10 ||    37
       Dagger            |    33 |   136 |    72 ||   241
 Cast: Magic Dart        |    46 |    77 |    41 ||   164
       Call Imp          |       |    16 |       ||    16
       Conjure Flame     |       |     1 |       ||     1
       Mephitic Cloud    |       |     4 |    27 ||    31
       Blink             |       |       |     1 ||     1
  Use: Scroll            |     2 |     4 |       ||     6
       Potion            |       |     1 |       ||     1
 Stab: Sleeping          |     3 |     8 |     1 ||    12
       Distracted        |       |     1 |     1 ||     2
       Confused          |       |     1 |     3 ||     4
  Eat: Chunk             |       |    12 |     5 ||    17
Armor: Skin              |     3 |     7 |     5 ||    15
Dodge: Dodged            |    30 |    72 |    67 ||   169

Table legend:
 A = Non-vault XP
 B = Vault XP
 C = Vault XP percentage of total XP
 D = Non-vault monster count
 E = Vault monster count
 F = Vault count percentage of total count
                 A         B        C        D         E       F
            +---------+---------+-------+---------+---------+-------
      Total |     702 |     878 |  55.6 |     117 |      58 |  33.1
            +---------+---------+-------+---------+---------+-------
        D:1 |      65 |       0 |   0.0 |      34 |       0 |   0.0
        D:2 |     200 |      16 |   7.4 |      28 |       3 |   9.7
        D:3 |     193 |      11 |   5.4 |      34 |       4 |  10.5
        D:4 |      68 |     851 |  92.6 |      11 |      51 |  82.3
        D:5 |     176 |       0 |   0.0 |      10 |       0 |   0.0
            +---------+---------+-------+---------+---------+-------
